 Dungeon Crawl Stone Soup version 0.26-a0-1132-ge9770dfcb6 (webtiles) character file.

Game seed: 205469064714507821

108 Hipnos the Conjurer (level 4, -6/36 HPs)
             Began as a Deep Elf Conjurer on Dec 20, 2020.
             Mangled by a river rat (7 damage)
             ... on level 3 of the Dungeon.
             The game lasted 00:04:18 (2751 turns).

Hipnos the Conjurer (Deep Elf Conjurer)             Turns: 2751, Time: 00:04:18

Health: -6/36      AC:  4    Str:  4    XL:     4   Next: 58%
Magic:  12/12      EV: 13    Int: 24    God:
Gold:   111        SH:  0    Dex: 13    Spells: 4/11 levels left

rFire    . . .     SeeInvis .   m - +2 dagger (venom)
rCold    . . .     Faith    .   (no shield)
rNeg     . . .     Spirit   .   a - +0 robe
rPois    .         Reflect  .   (no helmet)
rElec    .         Harm     .   l - +0 cloak
rCorr    .         Rampage  .   t - +0 pair of gloves
Will     .....                  (no boots)
Stlth    ..........             (no amulet)
HPRegen  0.12/turn              (no ring)
MPRegen  0.13/turn              (no ring)

@: berserking (expiring), slow
A: no striking features
a: no special abilities


You were on level 3 of the Dungeon.
You visited 1 branch of the dungeon, and saw 3 of its levels.

You collected 111 gold pieces.

Inventory:

Hand Weapons
 d - a +0 dagger
 m - a +2 dagger of venom (weapon)
Armour
 a - a +0 robe (worn)
 l - a +0 cloak (worn)
 t - a +0 pair of gloves (worn)
Scrolls
 b - a scroll of enchant weapon
 c - a scroll of amnesia {unknown}
 e - 2 scrolls of fog
 f - 2 scrolls of random uselessness {unknown}
 g - 2 scrolls of teleportation {unknown}
 h - a scroll of remove curse {unknown}
 k - a scroll of magic mapping {unknown}
 n - a scroll of blinking {unknown}
 s - 2 scrolls of immolation {unknown}
Potions
 i - a potion of berserk rage
 j - a potion of degeneration {unknown}
 o - a potion of mutation {unknown}
 p - 2 potions of heal wounds {unknown}
 q - a potion of attraction {unknown}
 r - a potion of curing {unknown}


   Skills:
 + Level 2.8 Dodging
 + Level 2.6 Stealth
 + Level 4.3 Spellcasting
 + Level 5.9 Conjurations


You had 4 spell levels left.
You knew the following spells:

 Your Spells              Type           Power        Failure   Level
a - Magic Dart            Conj           100%         1%          1
b - Searing Ray           Conj           66%          1%          2
c - Fulminant Prism       Conj/Hex       9%           28%         4

Your spell library contained the following spells:

 Spells                   Type           Power        Failure   Level
 Dazzling Flash           Conj/Hex       38%          9%          3
 Iskenderun's Mystic Bla  Conj/Tloc      19%          28%         4


Dungeon Overview and Level Annotations

Branches:
Dungeon (3/15)

Altars:
Gozag


Message History

It was a potion of berserk rage.
A red film seems to cover your vision as you go berserk!
You feel yourself moving faster!
You feel mighty! The frilled lizard misses you.
The leopard gecko bites you but does no damage.
The river rat barely misses you.
You puncture the frilled lizard!
You kill the frilled lizard!
The leopard gecko bites you.
* * * LOW HITPOINT WARNING * * *
You closely miss the leopard gecko. The river rat completely misses you.
The leopard gecko misses you.
You hit the leopard gecko.
You kill the leopard gecko!
The river rat bites you.
* * * LOW HITPOINT WARNING * * *
You closely miss the river rat.
The door flies open with a bang!
The river rat bites you!
You die...

#.#.######..............
#.#.# #......#######.
#...##++##.....## #.
##...#≈≈#...#.... #.
#..##≈≈##.####### ##
##.#≈≈≈≈#.# #.#≈≈≈≈#.#
#.##r≈##. #..#≈@# #
##.'##'...# ##......##
###...## ####


You could see a river rat.

Vanquished Creatures
  Jessica (D:2)
  2 adders (D:2)
  A worm (D:3)
  A dart slug (D:1)
  A leopard gecko (D:3)
  7 bats
  3 giant cockroaches
  13 goblins
  4 hobgoblins
  3 jackals (D:2)
  7 kobolds
  2 ball pythons
  2 frilled lizards
  9 rats
56 creatures vanquished.

Vanquished Creatures (others)
  4 toadstools (D:1)
4 creatures vanquished.

Grand Total: 60 creatures vanquished

Notes
Turn   | Place    | Note
-------+----------+-------------------------------------------
     0 | D:1      | Hipnos the Deep Elf Conjurer began the quest for the Orb.
     0 | D:1      | Reached XP level 1. HP: 10/10 MP: 6/6
   167 | D:1      | Reached XP level 2. HP: 15/15 MP: 5/8
   403 | D:1      | Reached skill level 5 in Conjurations
  1155 | D:2      | Reached XP level 3. HP: 19/19 MP: 7/9
  1357 | D:2      | Found an opulent altar of Gozag.
  2277 | D:2      | Reached XP level 4. HP: 24/24 MP: 8/11
  2412 | D:2      | Noticed Jessica
  2414 | D:2      | Killed Jessica
  2490 | D:2      | Learned a level 2 spell: Searing Ray
  2495 | D:2      | Learned a level 4 spell: Fulminant Prism
  2749 | D:3      | HP: 1/36 [river rat (2)]
  2751 | D:3      | Mangled by a river rat

Illustrated notes

Levels and vault maps discovered:
D:1:      ldierk_walled_garden_2, layout_loops_corners,
          hangedman_decor_clover_reticule
D:2:      layout_basic, grunt_gozag_breadcrumbs, uniq_jessica
D:3:      layout_loops_ring, gup_sewer_entry_bowl, glass_columns_a,
          grunt_dithmenos_smoke

Skill      XL: |  1  2  3  4 |
---------------+-------------+-----
Conjurations   | 5 |  5.9
Spellcasting   | 4 |  4.3
Dodging        | |  2.8
Stealth        | |  2.6

Action                   |  1- 3 |  4- 6 || total
-------------------------+-------+-------++-------
Melee: Dagger            |       |    14 ||    14
 Cast: Magic Dart        |    75 |    15 ||    90
  Use: Scroll            |     2 |       ||     2
       Potion            |       |     1 ||     1
Armor: Robe              |       |     3 ||     3
Dodge: Dodged            |     2 |    17 ||    19

Table legend: (Time is in decaauts)
 A = Elapsed time spent in this place.
 B = Non-inter-level travel time spent in this place.
 C = Inter-level travel time spent in this place.
 D = Time resting spent in this place.
 E = Time spent auto-exploring this place.
 F = Levels seen in this place.
 G = Mean time per level.
                   A        B        C        D        E       F      G
               +--------+--------+--------+--------+--------+-----+--------+
         Total |   2750 |   2687 |     63 |      0 |   2308 |   3 |  916.7 |
       Dungeon |   2750 |   2687 |     63 |      0 |   2308 |   3 |  916.7 |
               +--------+--------+--------+--------+--------+-----+--------+

Top non-repeatable levels by time:
     D:2: 1409 daAuts
     D:1: 1118 daAuts
     D:3: 222 daAuts
